Map: Automaton LE

Players

DeathJester

  • Race: Protoss Protoss
  • League: Platinum
  • Spawn Location: 9:00

A.I. 1 (Very Easy) - Winner!

  • Race: Terran Terran
  • Spawn Location: 3:00

VOD

Have the link to the VOD?

Description

Time

  • Played on: March 2, 2019, 12:33 p.m.
  • Length: 10:02
Show
View Real Time Build Order
Export as new Build Order

DeathJester Protoss 

Build Orders:  

Get SALT Encoding   

  1  0:00  Probe  
  12  0:06  Probe  
  14  0:22  Pylon  
  14  0:24  Probe  
  15  0:40  Probe  
  16  0:48  Gateway  
  16  0:52  Probe  
  16  0:55  Assimilator  
  17  1:00  Probe  
  17  1:02  Assimilator  
  18  1:08  Probe  
  18  1:17  Gateway  
  19  1:19  Probe  
  20  1:32  Probe  
  21  1:41  Cybernetics Core  
  21  1:44  Probe  
  21  1:46  Pylon  
  22  1:56  Probe  
  23  2:04  Pylon  
  23  2:10  Warp Gate  
  23  2:18  Stalker  
  23  2:19  Sentry  
  27  2:25  Robotics Facility  
  27  2:45  Stalker  
  27  2:47  Pylon  
  27  2:48  Stalker  
  31  3:02  Immortal  
  35  3:18  Stalker  
  37  3:21  Stalker  
  39  3:32  Pylon  
  39  3:45  Immortal  
  43  4:00  Stalker  
  43  4:01  Stalker  
  47  4:14  Warp Prism  
  47  4:16  Pylon  
  49  4:31  Stalker  
  49  4:37  Stalker  
  53  4:51  Observer  
  54  5:00  Stalker  
  54  5:02  Stalker  
  58  5:24  Nexus  
  58  5:33  Stalker  
  60  5:39  Stalker  
  62  5:52  Forge  
  62  6:01  Probe  
  63  6:19  Pylon  
  63  6:21  Pylon  
  63  6:26  Pylon  
  63  6:34  Probe x2  
  65  6:42  Probe x2  
  65  6:45  Protoss Ground Weapons Level 1  
  67  6:51  Probe x2  
  67  6:53  Stalker  
  69  6:56  Stalker  
  73  7:10  Immortal  
  77  7:16  Probe x2  
  79  7:24  Probe x2  
  81  7:34  Pylon  
  81  7:35  Assimilator  
  81  7:41  Assimilator  
  81  7:45  Pylon  
  81  7:47  Pylon  
  81  7:49  Pylon  
  81  7:56  Immortal  
  85  8:01  Stalker  
  85  8:05  Stalker  
  89  8:10  Probe  
  89  8:13  Probe  
  89  8:18  Probe  
  91  8:25  Probe  
  93  8:42  Stargate  
  93  8:45  Stargate x2  
  93  8:46  Stargate  
  93  8:47  Probe x2  
  93  8:55  Probe x2  
  97  9:04  Probe x2  
  97  9:08  Stalker  
  97  9:09  Stalker  
  103  9:31  Fleet Beacon  
  103  9:47  Nexus  
Show
View Real Time Build Order
Export as new Build Order

A.I. 1 (Very Easy) Terran - Winner!

Build Orders:  

Get SALT Encoding   

  12  0:00  SCV  
  13  0:13  SCV  
  14  0:19  Supply Depot  
  14  0:40  Refinery  
  14  0:45  Barracks  
  14  1:06  Supply Depot  
  14  1:14  Refinery  
  14  1:32  Marine, Orbital Command  
  15  1:57  SCV  
  16  2:05  Marine  
  17  2:10  SCV  
  18  2:22  SCV  
  19  2:34  SCV  
  20  2:37  Marine  
  21  2:46  SCV  
  22  2:58  SCV  
  23  5:47  Marine, SCV  
  23  5:49  Supply Depot  
  25  5:51  Factory  
  25  6:10  SCV  
  26  6:14  Supply Depot  
  26  6:20  Barracks Tech Lab  
  26  6:22  SCV  
  27  6:34  SCV  
  27  6:36  Starport  
  27  6:38  Marine  
  26  6:47  SCV  
  27  6:52  Command Center  
  27  7:11  Marine  
  27  7:15  Starport Tech Lab  
  28  7:34  Raven  
  30  7:44  Marauder  
  32  8:05  SCV  
  33  8:12  SCV  
  34  8:13  Refinery  
  34  8:17  Marine, Raven, Refinery  
  34  8:19  SCV  
  38  8:26  SCV  
  39  8:33  SCV  
  40  8:41  SCV  
  42  8:48  SCV  
  42  8:55  SCV  
  43  9:03  SCV  
  44  9:10  SCV  
  45  9:17  SCV  
  46  9:24  SCV  
  47  9:31  SCV  
  48  9:38  SCV  
  49  9:46  SCV  
Tags
 
League
Platinum
Matchup
PvT
Spawn Locations
Cross Positions
Add a new tag
Caveats
  • Supply blocks, unpowered buildings, or Contaminate may cause inaccurate times.
  • Supply counts are checked every 10 seconds.